 Dungeon Crawl Stone Soup version 0.16.0-17-g811c1d7 (console) character file.

1 mauris the Grasshopper (level 1, 0/16 HPs)
             Began as a Formicid Warper on Mar 21, 2015.
             Slain by a hound zombie (2 damage)
             ... on level 8 of the Dungeon.
             The game lasted 00:00:57 (373 turns).

mauris the Grasshopper (Formicid Warper)             Turns: 373, Time: 00:00:57

Health: 0/16       AC:  3    Str: 15    XL:     1   Next: 22%
Magic:  3/3        EV: 11    Int: 12    God:
Gold:   10         SH:  0    Dex: 10    Spells: 1 memorised, 3 levels left

rFire  . . .     SeeInvis +     a - +0 short sword
rCold  . . .     Clarity  .     b - +0 leather armour {3}
rNeg   . . .     SustAb   .     (no shield)
rPois  .         Gourm    .     (helmet unavailable)
rElec  .         Spirit   .     (no cloak)
rCorr  .         Warding  .     (no gloves)
rMut   .         Stasis   +     (no boots)
MR     .....                    (no amulet)
Stlth  +.........               (no ring)
                                (no ring)

@: lethally poisoned (0 -> -7), not resistant to hostile enchantments, very
unstealthy
A: permanent stasis, dig shafts and tunnels, four strong arms, antennae 3
a: Dig, Shaft Self


You were on level 8 of the Dungeon.
You were full.

You visited 1 branch of the dungeon, and saw 6 of its levels.

You collected 10 gold pieces.

Inventory:

Hand weapons
 a - a +0 short sword (weapon)
Missiles
 e - 5 tomahawks of dispersal (quivered) {!f}
Armour
 b - a +0 leather armour (worn) {3}
Scrolls
 d - a scroll of identify {unknown}
Books
 c - a book of Spatial Translocations

   Spells                             Type                      Level
   a - Apportation                    Translocation                1
   b - Blink                          Translocation                2
   c - Shroud of Golubria             Charms/Translocation         2
   d - Portal Projectile              Translocation                3
   e - Teleport Other                 Translocation                3
   f - Passage of Golubria            Translocation                4


   Skills:
 + Level 2.1 Fighting
 + Level 2.0 Short Blades
 + Level 0.7 Throwing
 + Level 1.2 Armour
 + Level 1.7 Dodging
 + Level 2.2 Spellcasting
 + Level 2.6 Translocations


You had 3 spell levels left.
You knew the following spells:

 Your Spells              Type           Power        Failure   Level  Hunger
A - Apportation           Tloc           #.........   12%         1    ##.....


Dungeon Overview and Level Annotations

Branches:
Dungeon (8/15)
 Temple: D:4-7         Lair: D:8-11

Altars:


Innate Abilities, Weirdness & Mutations

You are under a permanent stasis effect.
You can dig through walls and to a lower floor.
Your four strong arms can wield two-handed weapons with a shield.
You have a pair of large antennae on your head (SInv).


Message History

The rat barely misses you. The hound zombie barely misses you.
Unknown command.
The kobold throws a stone.
The stone hits you. The hound zombie misses you.
You see here a stone.
Huge Dmg: -19%(-3hp) hp: 69%(11hp) Use which ability? (? or * to list) Are you sure you want to shaft yourself?
You feel somewhat less full.
The hound zombie bites you but does no damage.
The worker ant bites you.
The kobold throws a stone.
The stone hits you but does no damage.
The hound zombie bites you but does no damage.
The worker ant bites you.
* * * LOW HITPOINT WARNING * * *
You are lethally poisoned!
The worker ant poisons you!
You begin to dig a shaft.
You continue digging a shaft.
* * * LOW HITPOINT WARNING * * *
You feel sick. The hound zombie bites you.
You die...

#...##.# #.# #......#
#.# .#+
#......###.#..... {
#.....?....##.#.#
#...............#
#.#.............### #
#r(###..........#
#.#Za##...........+
#..@.##.......#...#
#....##.......#
#.Z....##.......######
#..K...##.######......
........##.............
.....#+###########.....
.... ........... +#.
.###...... #......


You could see a worker ant, a hound zombie, a worker ant zombie, a kobold and a
rat.

Vanquished Creatures
  A hobgoblin (D:8)
1 creature vanquished.

Notes
Turn   | Place    | Note
--------------------------------------------------------------
     0 | D:1      | mauris, the Formicid Warper, began the quest for the Orb.
     0 | D:1      | Reached XP level 1. HP: 16/16 MP: 3/3
     5 | D:1      | You fall through a shaft!
     8 | D:2      | You fall through a shaft!
    11 | D:3      | You fall through a shaft for 3 floors!
    21 | D:6      | You fall through a shaft!
    75 | D:8      | Huge Dmg: 5 dmg
   306 | D:8      | Noticed a black bear
   365 | D:8      | Noticed a worker ant
   372 | D:8      | Huge Dmg: 3 dmg
   373 | D:8      | Slain by a hound zombie

Action                   || total
-------------------------++-------
Melee: Short sword       ||     8
 Abil: Shaft Self        ||     5
  Eat: Bread ration      ||     1

Vault maps used:
D:1:      evilmike_arrival_fibonacci_small, grunt_decor_fettered
D:2:      first_bread, serial_bayou_pond_b, uniq_iyjb, uniq_sigmund
D:3:      roderic_cross_of_infinity, grunt_decor_cap, serial_park_tiny_1
D:6:      grunt_temple_overflow_order_and_chaos_2, xom_redecorated,
          minmay_temple_entry_enclosed_plants, minmay_misc_feat_five,
          fedhas_altar_2
D:8:      minmay_misc_feat_plants
